Map: Neon Violet Square LE

Players

DaNa

  • Race: Zerg Zerg
  • Spawn Location: 11:00

Trap - Winner!

  • Race: Protoss Protoss
  • Spawn Location: 5:00

Event: IEM Season 12 - Katowice

VOD

Have the link to the VOD?

Description

Time

  • Played on: Feb. 27, 2018, 9:05 a.m.
  • Length: 8:52

All games in this series

Show
View Real Time Build Order
Export as new Build Order

DaNa Zerg 

Build Orders: Hatch First 

Get SALT Encoding   

  12  0:01  Drone  
  13  0:13  Overlord  
  13  0:17  Drone  
  14  0:31  Drone x2  
  14  0:35  Drone  
  17  0:54  Hatchery  
  17  0:56  Drone  
  17  1:00  Drone  
  18  1:05  Extractor  
  18  1:07  Drone  
  18  1:21  Spawning Pool  
  18  1:23  Drone  
  18  1:28  Drone  
  19  1:39  Drone  
  20  1:50  Drone  
  21  2:00  Overlord  
  21  2:05  Drone  
  22  2:09  Queen x2  
  22  2:14  Zergling x2  
  27  2:19  Drone  
  28  2:24  Drone  
  28  2:27  Drone  
  30  2:32  Drone  
  31  2:37  Overlord  
  31  2:43  Overlord  
  31  2:48  Drone  
  32  2:57  Drone, Hatchery  
  32  2:59  Drone  
  32  3:04  Drone  
  34  3:14  Overlord  
  34  3:16  Drone x3  
  34  3:17  Lair  
  37  3:20  Extractor  
  37  3:21  Drone, Queen  
  37  3:24  Drone  
  37  3:25  Drone  
  41  3:28  Drone  
  41  3:29  Drone  
  43  3:35  Drone  
  43  3:40  Drone  
  44  3:42  Roach Warren  
  44  3:45  Extractor  
  44  3:47  Drone x3  
  46  3:48  Drone  
  46  3:49  Drone  
  46  3:51  Drone  
  46  3:54  Drone  
  49  3:57  Overlord  
  49  4:03  Spore Crawler  
  48  4:14  Overlord  
  48  4:17  Drone  
  48  4:22  Glial Reconstitution  
  48  4:23  Queen  
  51  4:24  Roach x3  
  51  4:25  Roach  
  58  4:32  Roach x2  
  54  4:43  Drone x2  
  55  4:52  Spore Crawler  
  55  4:56  Overseer  
  54  5:03  Drone x3  
  54  5:04  Drone x3  
  54  5:05  Drone  
  54  5:06  Drone  
  62  5:07  Drone  
  63  5:19  Spore Crawler  
  63  5:20  Roach x2  
  64  5:24  Overlord x2  
  65  5:39  Overlord x2  
  65  5:42  Overlord  
  65  5:43  Roach  
  65  5:44  Roach x5  
  65  5:48  Drone x3  
  80  5:51  Drone  
  80  5:53  Overlord  
  81  6:00  Zergling x2  
  81  6:03  Drone x2  
  84  6:05  Roach x3  
  84  6:06  Roach  
  92  6:11  Overlord  
  92  6:12  Overlord  
  92  6:17  Overlord  
  87  6:30  Drone  
  87  6:31  Drone x2  
  88  6:34  Roach x6  
  88  6:35  Roach  
  102  6:45  Pneumatized Carapace  
  102  6:46  Roach x3  
  106  7:12  Overlord x3  
  106  7:19  Evolution Chamber  
  106  7:22  Overlord x2  
  105  7:24  Roach x10  
  124  7:46  Zergling x6  
  124  7:47  Zergling x16  
  134  8:02  Zergling x6  
  134  8:03  Zergling x4  
  138  8:14  Roach  
  138  8:15  Roach x5  
Show
View Real Time Build Order
Export as new Build Order

Trap Protoss - Winner!

Build Orders: 1 Gate Expand, Oracle Opening, Archon Immortal 

Get SALT Encoding   

  12  0:00  Probe  
  13  0:12  Probe  
  14  0:19  Pylon  
  14  0:24  Probe  
  15  0:38  Probe (Chrono Boost)  
  16  0:44  Gateway  
  16  0:47  Probe (Chrono Boost)  
  17  0:52  Probe (Chrono Boost), Assimilator  
  19  1:04  Probe  
  19  1:16  Probe  
  20  1:27  Nexus  
  20  1:36  Cybernetics Core  
  20  1:40  Probe  
  20  1:46  Assimilator  
  21  1:52  Probe  
  22  1:55  Pylon  
  22  2:04  Probe  
  23  2:11  Stalker (Chrono Boost)  
  25  2:16  Probe  
  26  2:24  Stargate  
  26  2:28  Probe (Chrono Boost)  
  27  2:31  Warp Gate  
  27  2:36  Adept  
  29  2:40  Probe (Chrono Boost)  
  31  2:47  Probe (Chrono Boost)  
  31  2:49  Probe (Chrono Boost)  
  32  2:54  Probe x2 (Chrono Boost)  
  34  3:03  Adept  
  34  3:05  Oracle (Chrono Boost)  
  36  3:11  Probe x2  
  40  3:20  Pylon  
  40  3:23  Probe x2  
  42  3:35  Probe x2  
  42  3:36  Oracle (Chrono Boost)  
  47  3:42  Gateway  
  47  3:44  Gateway  
  47  3:47  Probe x2  
  49  3:54  Pylon  
  49  3:59  Twilight Council  
  49  4:00  Adept  
  49  4:02  Probe  
  52  4:04  Probe  
  52  4:09  Assimilator  
  53  4:16  Probe x2, Phoenix (Chrono Boost)  
  55  4:21  Pylon  
  57  4:25  Pylon  
  57  4:28  Probe  
  57  4:29  Probe  
  56  4:44  Robotics Facility  
  56  4:46  Probe x2  
  56  4:51  Assimilator  
  58  4:53  Forge  
  58  4:56  Zealot, Stalker x2  
  64  5:00  Shield Battery  
  64  5:02  Pylon  
  62  5:23  Oracle (Chrono Boost)  
  63  5:28  Immortal (Chrono Boost)  
  63  5:30  Protoss Ground Weapons Level 1, Nexus  
  63  5:35  Probe x2  
  69  5:38  Pylon  
  69  5:42  Charge  
  69  5:48  Probe x2  
  69  5:49  Pylon  
  71  6:01  Sentry, Immortal (Chrono Boost)  
  77  6:12  Gateway x2  
  77  6:13  Gateway  
  77  6:30  Gateway  
  77  6:32  Gateway  
  77  6:35  Gateway  
  77  6:36  Warp Prism (Chrono Boost)  
  79  6:40  Templar Archives  
  79  6:43  Probe x3  
  79  6:46  Sentry  
  84  6:47  Sentry  
  84  6:49  Zealot  
  88  6:55  Pylon  
  88  6:57  Probe x3  
  91  7:06  Immortal (Chrono Boost)  
  91  7:11  Adept  
  91  7:12  Probe x3  
  91  7:15  Pylon  
  100  7:34  Assimilator  
  100  7:36  Immortal (Chrono Boost)  
  100  7:37  Assimilator  
  104  7:54  Nexus  
  104  8:04  Pylon  
  104  8:08  Immortal  
  104  8:10  High Templar x4  
  104  8:11  Zealot x5  
  126  8:15  Archon x2  
  126  8:16  Pylon  
  126  8:18  Pylon  
  126  8:20  Pylon  
  125  8:37  Stalker x3  
  131  8:47  Zealot x4  

Tags
 
Add a new tag
Caveats
  • Supply blocks, unpowered buildings, or Contaminate may cause inaccurate times.
  • Supply counts are checked every 10 seconds.